 Dungeon Crawl Stone Soup version 0.30.1-9-gdf580d7c3d (webtiles) character file.

Game seed: 9381977829701056349

249 rogsnak the Digger (level 5, -2/39 HPs)
             Began as a Draconian Earth Elementalist on Oct 10, 2023.
             Slain by a gnoll bouda
             ... wielding a +0 whip
              (7 damage)
             ... on level 4 of the Dungeon.
             The game lasted 00:08:49 (3424 turns).

rogsnak the Digger (Draconian Earth Elementalist)   Turns: 3424, Time: 00:08:50

Health: -2/39      AC:  7    Str: 10    XL:     5   Next: 87%
Magic:  1/10       EV: 12    Int: 18    God:
Gold:   186        SH:  0    Dex: 11    Spells: 7/11 levels left

rFire   . . .        d - +4 war axe (drain)
rCold   . . .        (no shield)
rNeg    . . .        (body armour unavailable)
rPois   +            (helmet restricted)
rElec   .            o - +0 cloak
rCorr   .            (no gloves)
SInv    .            y - +0 pair of boots
Will    .....        (no amulet)
Stlth   ++           v - ring of poison resistance
HPRegen 0.26/turn    (no ring)
MPRegen 0.12/turn

%: no passive effects
@: weakened, very slightly contaminated
A: AC +5, unfitting armour, cold-blooded
a: no special abilities


You were on level 4 of the Dungeon.
You visited 1 branch of the dungeon, and saw 4 of its levels.

You collected 186 gold pieces.

Inventory:

Hand Weapons
 c - a +0 spear
 d - a +4 war axe of draining (weapon)
 e - a +1 spear of flaming
Missiles
 i - 4 poisoned darts
Armour
 o - a +0 cloak (worn)
 y - a +0 pair of boots (worn)
Jewellery
 j - a ring of ice
 v - a ring of poison resistance (left hand)
Wands
 r - a wand of paralysis (3)
 w - a wand of polymorph (7)
Scrolls
 b - a scroll of enchant armour {unknown}
 h - 3 scrolls of identify {unknown}
 k - a scroll of poison {unknown}
 n - a scroll of magic mapping {unknown}
 p - 2 scrolls of noise {unknown}
 q - 2 scrolls of teleportation {unknown}
 s - a scroll of silence {unknown}
Potions
 a - a potion of magic
 f - a potion of lignification {unknown}
 g - a potion of resistance {unknown}
 l - a potion of flight {unknown}
 m - 4 potions of heal wounds {unknown}
 t - 2 potions of brilliance {unknown}
 u - 2 potions of curing {unknown}
 x - a potion of might {unknown}


   Skills:
 + Level 0.5 Fighting
 + Level 2.2 Dodging
 - Level 2.0 Stealth
 - Level 0.4 Unarmed Combat
 + Level 3.8 Spellcasting
 * Level 1.2 Conjurations
 + Level 1.0 Transmutations
 + Level 4.7 Earth Magic


You had 7 spell levels left.
You knew the following spells:

 Your Spells              Type           Power      Damage    Failure   Level
a - Sandblast             Erth           40%        2d10      2%          1
b - Stone Arrow           Conj/Erth      28%        3d8       13%         3

Your spell library contained the following spells:

 Spells                   Type           Power      Damage    Failure   Level
 Passwall                 Tmut/Erth      10%        N/A       7%          2
 Slow                     Hex            12%        N/A       16%         1
 Cigotuvi's Dreadful Rot  Necr/Pois/Air  6%         N/A       22%         2
 Confusing Touch          Hex            3%         N/A       41%         3
 Vampiric Draining        Necr           3%         2d6       41%         3
 Petrify                  Tmut/Erth      13%        N/A       41%         4
 Dispel Undead            Necr           3%         3d7       83%         4
 Death Channel            Necr           1%         N/A       100%        6


Dungeon Overview and Level Annotations

Branches:
Dungeon (4/15)
 Temple: D:4-7

Altars:
Ashenzari
Nemelex Xobeh
Xom


Innate Abilities, Weirdness & Mutations

Your plain brown scales are hard. (AC +5)
You cannot fit into any form of body armour.
You are cold-blooded and may be slowed by cold attacks.


Message History

Aiming: Sandblast (safe; 2% risk of failure)
Press: ? - help, Shift-Dir - straight line, f/p - gnoll
Aim: a gnoll, wielding a +0 spear (heavily wounded, covering ground quickly, 85% to hit)
The blast of sand hits the gnoll!
You kill the gnoll!
The gnoll bouda gazes fiercely through you!
You feel your attacks grow feeble.
Casting: Sandblast (safe; 2% risk of failure)
Confirm with . or Enter, or press ? or * to list all spells.
Aiming: Sandblast (safe; 2% risk of failure)
Press: ? - help, Shift-Dir - straight line, f - gnoll bouda
Aim: a gnoll bouda, wielding a +0 whip and wearing a +0 robe (85% to hit)
Okay, then.
You completely miss the gnoll bouda.
Your tail-slap misses the gnoll bouda.
The gnoll bouda closely misses you.
The crimson imp blinks!
You closely miss the gnoll bouda.
You punch the gnoll bouda, but do no damage.
The gnoll bouda hits you with a +0 whip.
* * * LOW HITPOINT WARNING * * *
The gnoll bouda hits you with a +0 whip.
* * * LOW HITPOINT WARNING * * *
Casting: Sandblast (safe; 2% risk of failure)
Confirm with . or Enter, or press ? or * to list all spells.
The spell is quite dangerous to miscast (13% risk of failure)!
Continue anyway?
Aiming: Stone Arrow (quite dangerous; 13% risk of failure)
Press: ? - help, Shift-Dir - straight line, f - gnoll bouda
Aim: a gnoll bouda, wielding a +0 whip and wearing a +0 robe (72% to hit)
You miscast Stone Arrow.
You are very lightly contaminated with residual magic.
Nothing appears to happen.
The gnoll bouda barely misses you.
Unknown command.
Unknown command.
Casting: Stone Arrow (quite dangerous; 13% risk of failure)
Confirm with . or Enter, or press ? or * to list all spells.
Aiming: Sandblast (safe; 2% risk of failure)
Press: ? - help, Shift-Dir - straight line, f/p - gnoll bouda
Aim: a gnoll bouda, wielding a +0 whip and wearing a +0 robe (85% to hit)
The blast of sand hits the gnoll bouda but does no damage.
The gnoll bouda hits you with a +0 whip!
You die...

#. .##.##.#.... #g
##.#.### ###.
#..#.... # .#.
##.#.#.. #!#..
#....### #.#...
#....#..
#.#...5####
#.#.##.#.#
#.....)g.###
#.#.......
#......##@..###
#.#..#.... .......
###...###.#..###.#
......$
#.....#.#..# #.#
...g...
#.....#.#..###.#
.......
#.......#.......
.8...g.
#.......##......
...8...
#######.....##.#
######.........
#........#####.#


You could see a gnoll bouda and a crimson imp.

Vanquished Creatures
  2 crimson imps (D:4)
  Ijyb (D:3)
  An adder (D:3)
  6 gnolls
  A worm (D:2)
  2 dart slugs
  An orc (D:3)
  6 ball pythons
  9 endoplasms
  A giant cockroach (D:1)
  3 goblins
  10 hobgoblins
  8 jackals (D:4)
  4 quokkas
  4 bats
  2 frilled lizards (D:1)
  8 kobolds
  5 rats
74 creatures vanquished.

Notes
Turn   | Place    | Note
-------+----------+-------------------------------------------
     0 | D:1      | rogsnak the Draconian Earth Elementalist began the quest
                  | for the Orb.
     0 | D:1      | Reached XP level 1. HP: 14/14 MP: 3/3
   278 | D:1      | Reached XP level 2. HP: 16/20 MP: 3/5
   922 | D:1      | You fall into a shaft and drop 1 floor!
   956 | D:2      | Reached XP level 3. HP: 26/26 MP: 2/6
   960 | D:2      | Learned a level 3 spell: Stone Arrow
  2017 | D:2      | Identified the +2 leather armour of Wamuif {MP-9 Int+4
                  | Slay+5 Stlth+}
  2334 | D:3      | Noticed Ijyb
  2336 | D:3      | Killed Ijyb
  2337 | D:3      | Reached skill level 4 in Earth Magic
  2337 | D:3      | Reached XP level 4. HP: 33/33 MP: 3/8
  2847 | D:3      | Found a broken altar of Ashenzari.
  3030 | D:3      | Found a sparkling altar of Nemelex Xobeh.
  3177 | D:4      | Reached XP level 5. HP: 38/38 MP: 8/10
  3211 | D:4      | Found a shimmering altar of Xom.
  3234 | D:4      | Reached skill level 1 in Conjurations
  3424 | D:4      | Slain by a gnoll bouda

Illustrated notes

Levels and vault maps discovered:
D:1:      dpeg_arrival_round_a, layout_basic
D:2:      layout_basic, hangedman_decor_push, grunt_ministairs_8,
          minmay_pentomino_u4
D:3:      layout_basic, nemelex_spade_bored_becter, evilmike_ruin_ashenzari,
          uniq_ijyb
D:4:      wad_pebble_path, layout_basic, led_xom_imps, uniq_duvessa

Skill      XL: |  1  2  3  4  5 |
---------------+----------------+-----
Dodging        | 2 |  2.2
Earth Magic    | 4 |  4.7
Spellcasting   | 3 |  3.8
Stealth        | 2 |  2.0
Conjurations   | 1 |  1.2
Fighting       | |  0.5
Unarmed Combat | |  0.4
Transmutations | |  1.0

Action                     |  1- 3 |  4- 6 || total
---------------------------+-------+-------++-------
  Melee: Unarmed           |    21 |       ||    21
         Tailslap          |     2 |     2 ||     4
         Spear             |     1 |       ||     1
         War axe           |    14 |    38 ||    52
         Punch             |       |     1 ||     1
   Cast: Sandblast         |    51 |    39 ||    90
         Stone Arrow       |     1 |       ||     1
   Stab: Sleeping          |     1 |       ||     1
 Armour: Skin              |     5 |    29 ||    34
  Dodge: Dodged            |    22 |    45 ||    67
